 Dungeon Crawl Stone Soup version 0.30-a0-845-g7c6808c8ce (webtiles) character file.

Game seed: 14710529512960329146

18 Drevant2 the Conjurer (level 2, 24/24 HPs)
             Began as a Draconian Reaver on Mar 2, 2023.
             Was a Follower of Dithmenos.
             Got out of the dungeon alive.
             The game lasted 00:02:00 (267 turns).

Drevant2 the Conjurer (Draconian Reaver)             Turns: 267, Time: 00:02:00

Health: 24/24      AC:  4    Str: 14    XL:     2   Next: 48%
Magic:  5/5        EV: 12    Int: 13    God:    Dithmenos [*.....]
Gold:   16         SH:  0    Dex:  9    Spells: 4/5 levels left

rFire   . . .      SeeInvis .    a - +0 hand axe
rCold   . . .      Faith    .    (no shield)
rNeg    . . .      Spirit   .    (body armour unavailable)
rPois   .          Reflect  .    (helmet restricted)
rElec   .          Rampage  .    (no cloak)
rCorr   .                        (no gloves)
Will    .....                    (no boots)
Stlth   +                        (no amulet)
HPRegen 0.24/turn                (no ring)
MPRegen 0.09/turn                (no ring)

@: wreathed by umbra
A: AC +4, unfitting armour, cold-blooded
a: Renounce Religion


You escaped.
You worshipped Dithmenos.
Dithmenos was aware of your devotion.
You visited 1 branch of the dungeon, and saw 1 of its levels.

You collected 16 gold pieces.

Inventory:

Hand Weapons
 a - a +0 hand axe (weapon)
Missiles
 b - a throwing net
Scrolls
 c - a scroll of silence {unknown}
 d - a scroll of identify {unknown}


   Skills:
 - Level 2.1 Fighting
 + Level 3.4 Axes
 - Level 1.7 Dodging
 - Level 2.0 Spellcasting
 + Level 3.4 Conjurations


You had 4 spell levels left.
You knew the following spells:

 Your Spells              Type           Power      Damage    Failure   Level
a - Kiss of Death         Conj/Necr      20%        2d7       13%         1

Your spell library contained the following spells:

 Spells                   Type           Power      Damage    Failure   Level
 Momentum Strike          Conj/Tloc      10%        3d8       19%         2
 Sublimation of Blood     Necr           1%         N/A       36%         2
 Hailstorm                Conj/Ice       5%         3d4       36%         3
 Petrify                  Tmut/Erth      1%         N/A       94%         4
 Irradiate                Conj/Tmut      2%         3d12      98%         5


Dungeon Overview and Level Annotations

Branches:
Dungeon (1/15)

Altars:
Dithmenos


Innate Abilities, Weirdness & Mutations

Your plain brown scales are hard. (AC +4)
You cannot fit into any form of body armour.
You are cold-blooded and may be slowed by cold attacks.


Message History

Welcome back, Drevant2 the Draconian Reaver.
Dithmenos says: Spread the eternal night.
Press ? for a list of commands and other information.
Unknown command.
Unknown command.
Unknown command.
Unknown command.
You can't go down here!
You see here 5 gold pieces.
You see here a +0 dagger.
The dart slug launches a dart at you.
The slug dart hits you but does no damage.
You hit the dart slug.
The dart slug is heavily wounded.
The dart slug launches a dart at you. The slug dart hits you.
You hit the dart slug.
You tail-slap the dart slug, but do no damage.
The dart slug is severely wounded.
You hit the dart slug but do no damage.
The dart slug is severely wounded.
The dart slug launches a dart at you. The slug dart hits you.
You hit the dart slug.
You kill the dart slug!
Dithmenos accepts your kill.
No target in view!
No target in view!
You see here a +0 dagger.
HP restored.
You see here a +0 ring mail.
There is a staircase leading out of the dungeon here.
Are you sure you want to leave the Dungeon?
This will make you lose the game!
Alright, then stay!
Unknown command.
You can't go down here!
Are you sure you want to leave the Dungeon?
This will make you lose the game! [Y]es or [N]o only, please.
Are you sure you want to leave the Dungeon?
This will make you lose the game!
You have escaped!

#....###...###...##
#####..)##.#...#.##...#
#.......###.....###.#.#####
#.#......##.....##........#
#.#................###.##
#.#........#............# #
####....###...........#
.......#...#..........#
........#.@.#..........#
...###.........###.....#
..# #..#...#..#..#....# ..
#..#...#..#.......#
#..##.##..#.......#
....#.#....#.#....# ..
...#.........####
................#
.........รท......###


There were no monsters in sight!

Vanquished Creatures
  2 dart slugs (D:1)
  2 ball pythons (D:1)
  A bat (D:1)
  2 endoplasms (D:1)
  A giant cockroach (D:1)
  A goblin (D:1)
  2 kobolds (D:1)
  A rat (D:1)
12 creatures vanquished.

Notes
Turn   | Place    | Note
-------+----------+-------------------------------------------
     0 | D:1      | Drevant2 the Draconian Reaver began the quest for the Orb.
     0 | D:1      | Reached XP level 1. HP: 17/17 MP: 3/3
   112 | D:1      | Found a faded altar of an unknown god.
   121 | D:1      | Reached XP level 2. HP: 24/24 MP: 5/5
   150 | D:1      | Prayed at the altar of an unknown god.
   150 | D:1      | Became a worshipper of Dithmenos the Shadowed
   150 | D:1      | Reached * piety under Dithmenos
   267 | D:$      | Got out of the dungeon alive.

Illustrated notes

Levels and vault maps discovered:
D:1:      erik_arrival_blinker_ship, layout_rooms,
          shapermc_ecumenical_altar_acropolis, minmay_tromino_i4

Action                     || total
---------------------------++-------
  Melee: Hand axe          ||    36
         Tailslap          ||     8
 Armour: Skin              ||    13
  Dodge: Dodged            ||    20

Table legend: (Time is in decaauts)
 A = Elapsed time spent in this place.
 B = Non-inter-level travel time spent in this place.
 C = Inter-level travel time spent in this place.
 D = Time resting spent in this place.
 E = Time spent auto-exploring this place.
 F = Levels seen in this place.
 G = Mean time per level.
                   A        B        C        D        E       F      G
               +--------+--------+--------+--------+--------+-----+--------+
         Total |    274 |    189 |     85 |      0 |    100 |   1 |  274.0 |
       Dungeon |    274 |    189 |     85 |      0 |    100 |   1 |  274.0 |
               +--------+--------+--------+--------+--------+-----+--------+

Top non-repeatable levels by time:
     D:1: 274 daAuts
